 Dungeon Crawl Stone Soup version 0.28.0-53-g5a82cb258f (webtiles) character file.

Game seed: 11235070897460864418

1551 DocClef the Firebug (level 8, -8/53 HPs)
             Began as a Gnoll Fire Elementalist on July 13, 2022.
             Was a Follower of Hepliaklqana.
             Engulfed by a steam dragon's steam (14 damage)
             ... on level 6 of the Dungeon.
             The game lasted 00:08:47 (7781 turns).

DocClef the Firebug (Gnoll Fire Elementalist)       Turns: 7781, Time: 00:08:48

Health: -8/53      AC:  3    Str:  9    XL:     8   Next: 88%
Magic:  0/17       EV: 14    Int: 16    God:    Hepliaklqana [*.....]
Gold:   234        SH:  0    Dex: 12    Spells: 18/19 levels left

rFire   . . .      SeeInvis .   f - +3 war axe (flame)
rCold   . . .      Faith    .   (no shield)
rNeg    . . .      Spirit   +   a - +0 robe
rPois   .          Reflect  .   (no helmet)
rElec   .          Harm     .   w - +0 cloak
rCorr   .          Rampage  .   (no gloves)
Will    .....                   (no boots)
Stlth   +++.......              i - amulet of guardian spirit
HPRegen 0.17/turn               (no ring)
MPRegen 0.15/turn               (no ring)

@: no status effects
A: reduced essence, fangs 1, strong nose, distributed training
a: Renounce Religion, Recall Ancestor, Ancestor Identity


You were on level 6 of the Dungeon.
You worshipped Hepliaklqana.
Hepliaklqana was aware of your devotion.
You visited 2 branches of the dungeon, and saw 7 of its levels.
You also visited: Sewer.

You collected 234 gold pieces.

Inventory:

Hand Weapons
 e - a +3 dagger of speed
 f - a +3 war axe of flaming (weapon)
 x - the +9 mace of the Solstice {antimagic, rN++}
   (You found it on level 4 of the Dungeon)

   It reduces the magical energy of the wielder, and disrupts the spells and
   magical abilities of those it strikes.
   Natural abilities and divine invocations are not affected.
   rN:        It greatly protects you from negative energy.
Armour
 a - a +0 robe (worn)
 d - an orb of energy
 w - a +0 cloak (worn)
Jewellery
 i - an amulet of guardian spirit (around neck)
 o - an amulet of reflection
 t - a ring of see invisible
Wands
 k - a wand of charming (8)
Scrolls
 b - 2 scrolls of enchant weapon
 g - a scroll of vulnerability {unknown}
 j - 4 scrolls of identify
 m - a scroll of fear
 n - a scroll of summoning {unknown}
 q - 3 scrolls of noise {unknown}
 s - a scroll of blinking {unknown}
 u - a scroll of amnesia {unknown}
 v - a scroll of teleportation
Potions
 c - 3 potions of haste
 h - 2 potions of attraction
 l - a potion of brilliance {unknown}
 p - 2 potions of cancellation {unknown}
 r - a potion of mutation {unknown}
 z - a potion of resistance {unknown}
 A - a potion of ambrosia {unknown}
 B - a potion of might {unknown}
 C - a potion of heal wounds {unknown}


   Skills:
 + Level 3.6 Fighting
 + Level 3.6 Short Blades
 + Level 3.6 Long Blades
 + Level 3.6 Axes
 + Level 3.6 Maces & Flails
 + Level 3.6 Polearms
 + Level 3.6 Staves
 + Level 3.6 Slings
 + Level 3.6 Bows
 + Level 3.6 Crossbows
 + Level 3.6 Throwing
 + Level 3.6 Armour
 + Level 5.9 Dodging
 + Level 5.6 Stealth
 + Level 3.6 Shields
 + Level 3.6 Unarmed Combat
 + Level 6.2 Spellcasting
 + Level 3.7 Conjurations
 + Level 3.0 Hexes
 + Level 3.0 Summonings
 + Level 3.0 Necromancy
 + Level 3.0 Translocations
 + Level 3.0 Transmutations
 + Level 6.3 Fire Magic
 + Level 3.0 Ice Magic
 + Level 3.0 Air Magic
 + Level 3.0 Earth Magic
 + Level 3.0 Poison Magic
 + Level 4.0 Invocations
 + Level 3.6 Evocations


You had 18 spell levels left.
You knew the following spells:

 Your Spells              Type           Power      Damage    Failure   Level
a - Foxfire               Conj/Fire      84%        2x1d8     1%          1

Your spell library contained the following spells:

 Spells                   Type           Power      Damage    Failure   Level
 Scorch                   Fire           50%        2d7       1%          2
 Slow                     Hex            56%        N/A       3%          1
 Conjure Flame            Conj/Fire      21%        6-21      4%          3
 Inner Flame              Hex/Fire       19%        N/A       6%          3
 Stone Arrow              Conj/Erth      30%        3d8       10%         3
 Call Canine Familiar     Summ           14%        N/A       12%         3
 Confusing Touch          Hex            14%        N/A       12%         3
 Portal Projectile        Hex/Tloc       28%        N/A       12%         3
 Vampiric Draining        Necr           14%        2d7       12%         3
 Flame Wave               Conj/Fire      21%        2d7       17%         4
 Animate Armour           Summ/Erth      28%        N/A       36%         4
 Leda's Liquefaction      Hex/Erth       7%         N/A       36%         4
 Summon Lightning Spire   Summ/Air       14%        N/A       36%         4
 Storm Form               Tmut/Air       7%         N/A       100%        7
 Lehudib's Crystal Spear  Conj/Erth      7%         10d3      100%        8
 Maxwell's Capacitive Co  Air            7%         ∞         100%        8


Dungeon Overview and Level Annotations

Branches:
Dungeon (6/15)             Temple (1/1) D:4           Sewer (visited)

Altars:
Ashenzari
Cheibriados
Dithmenos
Elyvilon
Fedhas
Gozag
Hepliaklqana
Kikubaaqudgha
Makhleb
Nemelex Xobeh
Okawaru
Qazlal
Ru
Sif Muna
Trog
Uskayaw
Vehumet
Wu Jian
Xom
Yredelemnul
Zin
The Shining One

Shops:
D:1 =

Annotations:
D:5 Duvessa


Innate Abilities, Weirdness & Mutations

Your life essence is reduced to manifest your ancestor. (-10% HP)
You have very sharp teeth.
Your uncanny sense of smell can sniff out nearby items.
Your experience applies equally to all skills.


Message History

Mbali hits the steam dragon but does no damage.
The gnoll moves out of view.
An orc comes into view. It is wielding a +0 trident.
Something bites Mbali!
Mbali is destroyed!
Your foxfire dissipates!
You conjure some foxfire!
The gnoll closely misses you.
Unknown command.
Your foxfire dissipates!
The foxfire hits the gnoll.
The gnoll is moderately wounded.
The gnoll hits you from afar with a +0 spear.
The steam dragon misses you. The steam dragon claws you.
The hound barks!
You hit the steam dragon. You burn the steam dragon.
The steam dragon is heavily wounded.
The gnoll barely misses you. The steam dragon closely misses you.
The steam dragon barely misses you.
The gnoll hits you from afar with a +0 spear!
The orc misses you.
You barely miss the steam dragon.
The steam dragon is heavily wounded.
You barely miss the orc. The steam dragon breathes steam at you.
The ball of steam hits you!!
The gnoll hits you from afar with a +0 spear!
* * * LOW HITPOINT WARNING * * *
The orc hits you with a +0 short sword.
* * * LOW HITPOINT WARNING * * *
An orc comes into view. It is wielding a +0 club.
The steam dragon bites you.
* * * LOW HITPOINT WARNING * * *
The steam dragon claws you but does no damage.
You hear a shout!
You hear a horrible gurgling sound!
You hear a bark!
You hit the steam dragon. You burn the steam dragon.
The steam dragon is severely wounded.
You slash the orc! You burn the orc.
You kill the orc!
You are engulfed in a cloud of scalding steam.
You die...

##...# .. ##...##...#. .....# .#
.o# ###.#......### .....# #.. #..
#..###....## .....# ..##..##
#..###....## #....# #.. #..
###.#......# ###..#
.o##.D#####...##...# ###..#
#g.##§.#.....###..# .....#
##..##.§##o.#....## ..# ##.#.#
......§§@Dh.###...##...# ##...#
###########.'.........#
##[..####################....##
.......................#######
...#..........†.........###
#...#......#......#.......######
...##...#..#...................##
####....#.####........≈...≈.....#
###.......####.....≈.≈.......#


You could see a steam dragon, a hound, a gnoll and 2 orcs.

Vanquished Creatures
  Menkaure (D:6)
  Edmund (D:5)
  A necrophage (D:4)
  A centaur (D:6)
  Blork the orc (D:6)
  2 bullfrogs (Sewer)
  3 scorpions
  2 orc priests (D:5)
  4 hounds
  Crazy Yiuf (D:4)
  A howler monkey zombie (D:5)
  4 gnolls (D:5)
  7 adders
  6 river rats (Sewer)
  An adder skeleton (D:4)
  A worm (D:2)
  6 orcs
  3 bats
  5 endoplasms
  3 giant cockroaches
  5 goblins
  3 hobgoblins (D:1)
  5 quokkas
  12 ball pythons
  8 frilled lizards
  6 kobolds
  28 rats
121 creatures vanquished.

Vanquished Creatures (collateral kills)
  An orc warrior (D:5)
  Dowan (D:5)
  A water moccasin skeleton (D:6)
  A hound (D:5)
  An orc priest (D:5)
  A jelly (D:5)
  A gnoll shaman (D:5)
  A gnoll (D:5)
  A worm (D:4)
  An orc (D:5)
  A quokka (D:5)
11 creatures vanquished.

Vanquished Creatures (others)
  An orc wizard (D:6)
  An ancestor (D:6)
  803 foxfires
805 creatures vanquished.

Grand Total: 937 creatures vanquished

Notes
Turn   | Place    | Note
-------+----------+-------------------------------------------
     0 | D:1      | DocClef the Gnoll Fire Elementalist began the quest for the
                  | Orb.
     0 | D:1      | Reached XP level 1. HP: 13/13 MP: 6/6
   201 | D:1      | Reached XP level 2. HP: 19/19 MP: 4/7
   970 | D:1      | Found Ywecri Boyh's Jewellery Emporium.
  1794 | D:2      | Found a faded altar of an unknown god.
  2050 | D:2      | Reached skill level 5 in Spellcasting
  2050 | D:2      | Reached XP level 3. HP: 25/25 MP: 3/9
  2189 | D:2      | Reached skill level 1 in Invocations
  2380 | D:2      | Reached skill level 1 in Fighting
  2380 | D:2      | Reached skill level 1 in Short Blades
  2380 | D:2      | Reached skill level 1 in Long Blades
  2380 | D:2      | Reached skill level 1 in Axes
  2380 | D:2      | Reached skill level 1 in Maces & Flails
  2380 | D:2      | Reached skill level 1 in Polearms
  2380 | D:2      | Reached skill level 1 in Staves
  2380 | D:2      | Reached skill level 1 in Slings
  2380 | D:2      | Reached skill level 1 in Bows
  2380 | D:2      | Reached skill level 1 in Crossbows
  2380 | D:2      | Reached skill level 1 in Throwing
  2380 | D:2      | Reached skill level 1 in Armour
  2380 | D:2      | Reached skill level 1 in Shields
  2380 | D:2      | Reached skill level 1 in Unarmed Combat
  2380 | D:2      | Reached skill level 1 in Evocations
  2489 | D:2      | Found a hide-covered altar of Uskayaw.
  2496 | D:2      | Reached XP level 4. HP: 32/32 MP: 3/11
  2695 | D:3      | Found a hazy altar of Hepliaklqana.
  2695 | D:3      | Found a shimmering blue altar of Sif Muna.
  2699 | D:3      | Became a worshipper of Hepliaklqana the Forgotten
  2937 | D:3      | Found a glowing drain.
  2958 | Sewer    | Entered a sewer
  3148 | Sewer    | Reached skill level 1 in Hexes
  3148 | Sewer    | Reached skill level 1 in Summonings
  3148 | Sewer    | Reached skill level 1 in Necromancy
  3148 | Sewer    | Reached skill level 1 in Translocations
  3148 | Sewer    | Reached skill level 1 in Transmutations
  3148 | Sewer    | Reached skill level 1 in Ice Magic
  3148 | Sewer    | Reached skill level 1 in Air Magic
  3148 | Sewer    | Reached skill level 1 in Earth Magic
  3148 | Sewer    | Reached skill level 1 in Poison Magic
  3523 | Sewer    | Reached XP level 5. HP: 37/37 MP: 8/12
  4195 | Sewer    | Reached skill level 5 in Dodging
  4195 | Sewer    | Reached XP level 6. HP: 43/44 MP: 8/14
  4984 | D:4      | Reached * piety under Hepliaklqana
  5029 | D:4      | Found a runed translucent door.
  5030 | D:4      | Noticed Crazy Yiuf
  5045 | D:4      | Killed Crazy Yiuf
  5064 | D:4      | Identified the +9 mace of the Solstice {antimagic, rN++}
  5236 | D:4      | Identified the +2 robe of Racih {Slay+2}
  5275 | D:4      | Found a staircase to the Ecumenical Temple.
  5281 | D:4      | Noticed a necrophage
  5289 | D:4      | Killed a necrophage
  5290 | D:4      | Reached XP level 7. HP: 42/45 MP: 8/15
  5296 | Temple   | Entered the Ecumenical Temple
  6180 | D:5      | Entered Level 5 of the Dungeon
  6562 | D:5      | Reached skill level 5 in Stealth
  6582 | D:5      | Noticed Edmund
  6593 | D:5      | Killed Edmund
  6701 | D:5      | Reached XP level 8. HP: 44/51 MP: 3/16
  6709 | D:5      | HP: 2/52 [poisoned by an orc priest]
  7059 | D:5      | Noticed Dowan
  7060 | D:5      | Noticed Duvessa
  7065 | D:5      | Killed Dowan
  7090 | D:6      | Noticed Blork the orc
  7112 | D:6      | Killed Blork the orc
  7414 | D:6      | Noticed Menkaure
  7423 | D:6      | Killed Menkaure
  7781 | D:6      | Engulfed by a steam dragon's steam

Illustrated notes

Levels and vault maps discovered:
D:1:      erik_arrival_cave_to_civilisation [erik_arrival_cave_to_hall],
          layout_basic, serial_shops, nicolae_shop_competitors_out_of_business
D:2:      layout_rooms, basic_altar, basic_ecumenical_altar
D:3:      layout_rooms, gammafunk_temple_overflow_wave, portal_sewer_entry_f
D:4:      layout_basic, minmay_temple_entry_offerings, uniq_crazy_yiuf_cottage
D:5:      layout_rooms, uniq_duvessa, uniq_prince_ribbit1, uniq_edmund,
          uniq_sigmund
D:6:      wad_guarded_room, layout_cave_pools, serial_rivers,
          chequers_serial_rivers_small_3, chequers_serial_rivers_large_b,
          chequers_serial_rivers_small_3, chequers_serial_rivers_micro_b,
          chequers_serial_rivers_marsh, minivault_26, uniq_blork_the_orc,
          uniq_menkaure
Temple:   mainiacjoe_temple_cubbyholes

Skill      XL: |  1  2  3  4  5  6  7  8 |
---------------+-------------------------+-----
Conjurations   | 2 3 |  3.7
Spellcasting   | 5 6 |  6.2
Invocations    | 1 2 3 4 |  4.0
Fighting       | 1 2 3 |  3.6
Short Blades   | 1 2 3 |  3.6
Long Blades    | 1 2 3 |  3.6
Axes           | 1 2 3 |  3.6
Maces & Flails | 1 2 3 |  3.6
Polearms       | 1 2 3 |  3.6
Staves         | 1 2 3 |  3.6
Slings         | 1 2 3 |  3.6
Bows           | 1 2 3 |  3.6
Crossbows      | 1 2 3 |  3.6
Throwing       | 1 2 3 |  3.6
Armour         | 1 2 3 |  3.6
Shields        | 1 2 3 |  3.6
Unarmed Combat | 1 2 3 |  3.6
Evocations     | 1 2 3 |  3.6
Hexes          | 1 2 3 |  3.0
Summonings     | 1 2 3 |  3.0
Necromancy     | 1 2 3 |  3.0
Translocations | 1 2 3 |  3.0
Transmutations | 1 2 3 |  3.0
Ice Magic      | 1 2 3 |  3.0
Air Magic      | 1 2 3 |  3.0
Earth Magic    | 1 2 3 |  3.0
Poison Magic   | 1 2 3 |  3.0
Dodging        | 5 |  5.9
Stealth        | 5 |  5.6
Fire Magic     | 6 |  6.3

Action                   |  1- 3 |  4- 6 |  7- 9 || total
-------------------------+-------+-------+-------++-------
Melee: Unarmed           |     2 |       |       ||     2
       Dagger            |       |    15 |    22 ||    37
       Bite              |       |     1 |     2 ||     3
       Punch             |       |     1 |     2 ||     3
       War axe           |       |       |    15 ||    15
 Cast: Foxfire           |   120 |   221 |   127 ||   468
Invok: Recall Ancestor   |       |       |     1 ||     1
  Use: Scroll            |       |     6 |     1 ||     7
       Potion            |       |       |     1 ||     1
Armor: Robe              |     1 |     4 |     4 ||     9
Dodge: Dodged            |     1 |    20 |    40 ||    61
